 Dungeon Crawl Stone Soup version 0.16.2-12-gd0ad4c3 (webtiles) character file.

212 Kloppie the Sneak (level 5, -1/24 HPs)
             Began as a Vine Stalker Enchanter on Oct 27, 2015.
             Slain by an orc wizard
             ... wielding a +0 dagger
              (2 damage)
             ... on level 4 of the Dungeon.
             The game lasted 00:08:02 (2944 turns).

Kloppie the Sneak (Vine Stalker Enchanter)          Turns: 2944, Time: 00:08:02

Health: -1/24      AC:  4    Str: 10    XL:     5   Next: 90%
Magic:  0/11       EV: 12    Int: 15    God:
Gold:   173        SH:  0    Dex: 16    Spells: 3 memorised, 2 levels left

rFire  . . .     SeeInvis +     b - +0 short sword
rCold  . . .     Clarity  .     o - +2 robe
rNeg   + . .     SustAb   .     (no shield)
rPois  .         Gourm    .     (no helmet)
rElec  .         Spirit   +     (no cloak)
rCorr  .         Warding  .     (no gloves)
rMut   .         Stasis   .     (no boots)
MR     .....                    (no amulet)
Stlth  +++.......               r - ring of positive energy
                                j - ring of see invisible

@: slowed, very slow, not resistant to hostile enchantments, fairly stealthy
A: fangs 2, regeneration 1, magic shield, antimagic bite, no device heal 3, rot
immunity
a: no special abilities


You were on level 4 of the Dungeon.
You were hungry.

You visited 1 branch of the dungeon, and saw 5 of its levels.

You collected 173 gold pieces.

Inventory:

Hand weapons
 a - a +1 dagger
 b - a +0 short sword (weapon)
 g - a +2 dagger of venom
Armour
 o - a +2 robe (worn)
Jewellery
 j - a ring of see invisible (left hand)
 r - a ring of positive energy (right hand)
Scrolls
 i - 7 scrolls of remove curse
 p - 2 scrolls of blinking
Potions
 l - a potion of magic
 n - a potion of resistance
 q - a potion of restore abilities {unknown}
Books
 c - a book of Maledictions

   Spells                             Type                      Level
   a - Corona                         Hexes                        1
   b - Sure Blade                     Hexes/Charms                 2
   c - Ensorcelled Hibernation        Hexes/Ice                    2
   d - Confuse                        Hexes                        3
   e - Dazzling Spray                 Conjuration/Hexes            3
   f - Enslavement                    Hexes                        4
Comestibles
 d - 7 bread rations
 s - 3 meat rations
 t - 3 fruits
 u - a beef jerky


   Skills:
 + Level 3.5 Short Blades
 - Level 1.5 Dodging
 - Level 5.4 Stealth
 - Level 2.1 Spellcasting
 + Level 3.9 Hexes


You had 2 spell levels left.
You knew the following spells:

 Your Spells              Type           Power        Failure   Level  Hunger
a - Corona                Hex            ##.....      4%          1    #......
b - Ensorcelled Hibernat  Hex/Ice        #.....       14%         2    ###....
c - Confuse               Hex            ##......     14%         3    ###....


Dungeon Overview and Level Annotations

Branches:
Dungeon (5/15)
 Temple: D:4-7

Altars:
Cheibriados

Annotations:
D:4 Prince Ribbit


Innate Abilities, Weirdness & Mutations

You have extremely sharp teeth.
Your natural rate of healing is unusually fast.
When hurt, damage is shared between your health and your magic reserves.
Your bite disrupts and absorbs the magic of your enemies.
Potions and wands cannot restore your health.
You are immune to rotting.


Message History

The orc wizard hits you but does no damage.
The orc wizard gestures at you while chanting.
The magic dart hits you!
* * * LOW HITPOINT WARNING * * *
Drink which item? (? for menu, Esc to quit)
Okay, then.
Casting: Ensorcelled Hibernation
Confirm with . or Enter, or press ? or * to list all spells.
You don't have enough magic to cast that spell.
You hit the orc wizard.
The orc wizard is severely wounded.
The orc wizard closely misses you. The bat closely misses you.
The orc wizard hits you but does no damage.
The bat barely misses you. The orc wizard hits you with a dagger.
* * * LOW HITPOINT WARNING * * *
You hit the orc wizard.
The orc wizard is severely wounded.
The bat closely misses you. The bat barely misses you.
The orc wizard hits you with a dagger.
You die...

###########
#.@b.......
#o.........
#.).......
#.........
#.........
#........
.........
...#####
...#


You could see an orc wizard and a bat.

Vanquished Creatures
  A worker ant (D:3)
  Ijyb (D:2)
  7 adders
  3 worms
  An adder skeleton (D:4)
  3 giant geckos
  7 orcs
  11 bats
  A giant cockroach (D:3)
  2 hobgoblins
  9 kobolds
  A quokka (D:4)
  A ball python (D:2)
  3 giant newts (D:1)
  11 goblins
  8 jackals
  12 rats
82 creatures vanquished.

Notes
Turn   | Place    | Note
--------------------------------------------------------------
     0 | D:1      | Kloppie, the Vine Stalker Enchanter, began the quest for the Orb.
     0 | D:1      | Reached XP level 1. HP: 9/9 MP: 3/3
    91 | D:1      | Reached skill level 1 in Short Blades
   133 | D:1      | Reached skill level 4 in Stealth
   163 | D:1      | Reached XP level 2. HP: 7/13 MP: 5/5
   787 | D:2      | Reached XP level 3. HP: 16/16 MP: 7/7
   858 | D:2      | Learned a level 2 spell: Ensorcelled Hibernation
   862 | D:2      | Learned a level 3 spell: Confuse
   889 | D:2      | Noticed Ijyb
   898 | D:2      | Killed Ijyb
  1019 | D:2      | Reached skill level 5 in Stealth
  1185 | D:2      | Reached XP level 4. HP: 21/21 MP: 8/8
  1463 | D:2      | Found a snail-covered altar of Cheibriados.
  1995 | D:3      | Reached XP level 5. HP: 19/24 MP: 11/11
  2616 | D:4      | Noticed Prince Ribbit
  2758 | D:5      | Entered Level 5 of the Dungeon
  2942 | D:4      | HP: 1/24 [orc wizard/magic dart (5)]
  2944 | D:4      | Slain by an orc wizard

Action                   |  1- 3 |  4- 6 || total
-------------------------+-------+-------++-------
Melee: Dagger            |    90 |    87 ||   177
       Short sword       |       |    74 ||    74
 Cast: Ensorcelled Hiber |     2 |    12 ||    14
  Use: Scroll            |       |    10 ||    10
 Stab: Sleeping          |     9 |    18 ||    27
  Eat: Chunk             |       |     7 ||     7
